 Dungeon Crawl Stone Soup version 0.23.0 (webtiles) character file.

Game seed: 5719068023893091180

1737 HEYYEYAAE the Bolt Thrower (level 9, 0/63 HPs)
             Began as an Octopode Hunter on Feb 9, 2019.
             Was an Initiate of Okawaru.
             Slain by a black bear (6 damage)
             ... on level 7 of the Dungeon.
             The game lasted 00:06:48 (6592 turns).

HEYYEYAAE the Bolt Thrower (Octopode Hunter)        Turns: 6592, Time: 00:06:49

Health: 0/63       AC:  1    Str: 11    XL:     9   Next: 5%
Magic:  9/9        EV: 17    Int: 14    God:    Okawaru [......]
Gold:   264        SH:  0    Dex: 15    Spells: 8/8 levels left

rFire    . . .     SeeInvis .   b - +2 hand axe (freeze)
rCold    . . .     Gourm    .   (no shield)
rNeg     . . .     Faith    .   (helmet restricted)
rPois    .         Spirit   .   v - amulet of rage
rElec    .         Reflect  .   (no ring)
rCorr    .         Harm     .   (no ring)
MR       .....                  (no ring)
Stlth    +++.......             (no ring)
HPRegen  0.20/turn              (no ring)
MPRegen  0.11/turn              (no ring)
                                (no ring)
                                (no ring)

@: no status effects
A: almost no armour, stealthy swim, amphibious, 8 rings, constrict 8, camouflage
1, gelatinous body 1
a: Renounce Religion, Evoke Berserk Rage


You were on level 7 of the Dungeon.
You worshipped Okawaru.
Okawaru was noncommittal.
You were very hungry.

You visited 2 branches of the dungeon, and saw 8 of its levels.

You collected 264 gold pieces.

Inventory:

Hand Weapons
 a - a +3 hand crossbow
 b - a +2 hand axe of freezing (weapon)
 u - a +0 short sword
 y - the +7 hunting sling of Extinguishment {speed, rF+ MR- SInv, unknown}
   (You found it on level 4 of the Dungeon)

   Attacks with this weapon are significantly faster.
   It protects you from fire.
   It affects your resistance to hostile enchantments.
   It lets you see invisible.
Jewellery
 h - an uncursed ring of fire
 v - an amulet of rage (around mantle)
 B - an uncursed ring of ice
 D - a cursed ring of attention {unknown}
Wands
 r - a wand of digging (8)
 z - a wand of flame (55)
Scrolls
 g - a scroll of immolation
 j - 2 scrolls of teleportation
 k - a scroll of enchant armour
 m - a scroll of amnesia {unknown}
 n - a scroll of magic mapping
 p - 3 scrolls of remove curse
 A - a scroll of noise {unknown}
Potions
 e - a potion of mutation {unknown}
 f - 5 potions of curing {unknown}
 i - a potion of brilliance {unknown}
 l - 2 potions of flight {unknown}
 o - a potion of magic {unknown}
 q - 2 potions of lignification {unknown}
 s - 3 potions of ambrosia {unknown}
 t - a potion of degeneration {unknown}
 w - a potion of might {unknown}
 x - a potion of haste {unknown}
 C - a potion of resistance {unknown}
Comestibles
 d - 14 rations


   Skills:
 + Level 6.7 Fighting
 + Level 7.6 Crossbows
 + Level 6.8 Dodging
 - Level 1.3 Stealth


You had 8 spell levels left.
You didn't know any spells.
Your spell library contained the following spells:

 Spells                   Type           Power        Failure   Level  Hunger
 Magic Dart               Conj           #...         28%         1    ##.....
 Blink                    Tloc           N/A          41%         2    ###....
 Call Imp                 Summ           #.......     41%         2    ###....
 Slow                     Hex            #.......     41%         2    ###....
 Conjure Flame            Conj/Fire      #.......     65%         3    ####...
 Mephitic Cloud           Conj/Pois/Air  #.......     65%         3    ####...


Dungeon Overview and Level Annotations

Branches:
Dungeon (7/15)             Temple (1/1) D:5

Altars:
Ashenzari
Cheibriados
Dithmenos
Fedhas
Gozag
Hepliaklqana
Kikubaaqudgha
Makhleb
Nemelex Xobeh
Okawaru
Qazlal
Ru
Sif Muna
Trog
Uskayaw
Vehumet
Wu Jian
Xom
Yredelemnul
The Shining One

Shops:
D:5 (

Annotations:
D:6 1 runed translucent door, EtherCrawl's ghost, novice TrWr


Innate Abilities, Weirdness & Mutations

You cannot wear most types of armour.
You are very stealthy in the water. (Stealth+)
You are amphibious.
You can wear up to eight rings at the same time.
You can use your tentacles to constrict eight enemies at once.
Your skin changes colour to match your surroundings (Stealth+).
Your rubbery body absorbs attacks. (AC +1, EV +1)


Message History

Press: ? - help, Shift-Dir - straight line, f/p - black bear
Aim: a black bear (severely wounded, berserk, fast, unusually strong)
Okay, then.
Wield which item (- for none, * to show all)? (? for menu, Esc to quit)
Your +2 hand axe of freezing glows with a cold blue light!
b - a +2 hand axe of freezing (weapon)
The black bear barely misses you. x2; The black bear claws you!
You barely miss the black bear. You grab the black bear.
Your squeeze misses the black bear.
The black bear is severely wounded.
You constrict the black bear. The black bear bites you!
* * * LOW HITPOINT WARNING * * *
The black bear claws you.
* * * LOW HITPOINT WARNING * * *
The black bear claws you.
* * * LOW HITPOINT WARNING * * *
The black bear bites you!
* * * LOW HITPOINT WARNING * * *
The black bear claws you.
You die...

#...# #..# ###.# #..#
.#######.# #..#
.........# #..#
.#######.# #..# #.#
##..#####
######.######.........
#.........##.#.##.####
#.#######.#@###.#.#
#.##h# ## # #.# #.#
#.# .# #######.###.#
............#
#######.###.# #####.#
...#.#


You could see a black bear (berserk).

Vanquished Creatures
  Grinder (D:4)
  Edmund (D:6)
  2 ice beasts
  An ogre (D:6)
  A phantom (D:5)
  3 bullfrogs
  A crimson imp (D:5)
  A hound (D:5)
  A jelly (D:5)
  A centaur skeleton (D:4)
  3 orc priests
  A bullfrog skeleton (D:5)
  2 iguanas
  6 orc wizards
  5 worker ants
  A hound zombie (D:5)
  A worker ant zombie (D:6)
  9 gnolls
  A howler monkey skeleton (D:6)
  4 adders
  A shadow imp (D:5)
  4 worms
  2 dart slugs (D:2)
  5 leopard geckos
  21 orcs
  7 goblins
  8 hobgoblins
  11 jackals
  2 quokkas
  10 bats
  4 frilled lizards
  A jackal zombie (D:5)
  13 kobolds
  A leopard gecko skeleton (D:4)
  8 rats
144 creatures vanquished.

Notes
Turn   | Place    | Note
-------+----------+-------------------------------------------
     0 | D:1      | HEYYEYAAE the Octopode Hunter began the quest for the Orb.
     0 | D:1      | Reached XP level 1. HP: 14/14 MP: 1/1
    51 | D:1      | Reached XP level 2. HP: 19/19 MP: 2/2
   541 | D:1      | Reached XP level 3. HP: 25/25 MP: 3/3
   989 | D:2      | Reached XP level 4. HP: 29/30 MP: 4/4
  1061 | D:2      | Found a glowing golden altar of the Shining One.
  1075 | D:2      | Found an ornate altar of the Wu Jian Council.
  1451 | D:2      | Found a radiant altar of Vehumet.
  1451 | D:2      | Found a hazy altar of Hepliaklqana.
  1459 | D:2      | Found a stormy altar of Qazlal.
  1461 | D:2      | Found a hide-covered altar of Uskayaw.
  1462 | D:2      | Found an ancient bone altar of Kikubaaqudgha.
  1506 | D:2      | Reached XP level 5. HP: 27/36 MP: 5/5
  2727 | D:4      | Reached skill level 5 in Crossbows
  2738 | D:4      | Got a shimmering hunting sling
  2893 | D:4      | Reached XP level 6. HP: 36/43 MP: 6/6
  2918 | D:4      | Noticed Grinder
  2921 | D:4      | Paralysed by Grinder for 5 turns
  2931 | D:4      | Killed Grinder
  2931 | D:4      | Reached XP level 7. HP: 32/49 MP: 7/7
  3697 | D:4      | Reached skill level 6 in Crossbows
  3804 | D:5      | Entered Level 5 of the Dungeon
  3813 | D:5      | Reached skill level 5 in Fighting
  3813 | D:5      | Reached skill level 5 in Dodging
  3873 | D:5      | Found Reiraciosch's Weapon Boutique.
  3920 | D:5      | Found a staircase to the Ecumenical Temple.
  3985 | Temple   | Entered the Ecumenical Temple
  4206 | Temple   | Became a worshipper of Warmaster Okawaru
  4264 | D:5      | Reached XP level 8. HP: 35/55 MP: 8/8
  5390 | D:6      | Reached skill level 7 in Crossbows
  5701 | D:6      | Found a runed translucent door.
  5703 | D:6      | Noticed EtherCrawl's ghost (novice TrWr)
  5707 | D:6      | Found a sacrificial altar of Ru.
  6319 | D:6      | Noticed Edmund
  6329 | D:6      | Killed Edmund
  6329 | D:6      | Reached * piety under Okawaru
  6329 | D:6      | Reached XP level 9. HP: 63/63 MP: 9/9
  6468 | D:7      | Found a burning altar of Makhleb.
  6485 | D:7      | Found a shattered altar of Ashenzari.
  6592 | D:7      | Slain by a black bear

Skill      XL: |  1  2  3  4  5  6  7  8 |
---------------+-------------------------+-----
Fighting       | 3 4 5 6 |  6.7
Dodging        | 3 4 5 6 |  6.8
Crossbows      | 5 6 7 |  7.6
Stealth        | |  1.3

Action                   |  1- 3 |  4- 6 |  7- 9 || total
-------------------------+-------+-------+-------++-------
Melee: Short sword       |    16 |    46 |     5 ||    67
       Constrict         |     6 |    15 |     3 ||    24
       Tentacles         |     3 |     6 |     3 ||    12
       Hand axe          |       |     3 |     6 ||     9
 Fire: Hand crossbow     |    55 |    62 |   209 ||   326
 Abil: Evoke Berserk Rag |       |     1 |     1 ||     2
  Use: Scroll            |       |       |     9 ||     9
 Stab: Sleeping          |       |     3 |       ||     3
  Eat: Chunk             |       |     6 |     5 ||    11
       Ration            |       |       |     2 ||     2
Armor: Skin              |     2 |     7 |     1 ||    10
Dodge: Dodged            |    21 |    44 |    62 ||   127
